 Dungeon Crawl Stone Soup version 0.30-a0-596-g0af90f9a20 (webtiles) character file.

Game seed: 18149201877009312484

53 garrulousMonolith the Chopper (level 3, 0/33 HPs)
             Began as a Hill Orc Monk on Jan 6, 2023.
             Slain by a gnoll
             ... wielding a +0 whip
              (6 damage)
             ... on level 2 of the Dungeon.
             The game lasted 00:02:09 (1363 turns).

garrulousMonolith the Chopper (Hill Orc Monk)       Turns: 1363, Time: 00:02:10

Health: 0/33       AC:  3    Str: 15    XL:     3   Next: 87%
Magic:  4/4        EV: 12    Int: 10    God:
Gold:   121        SH:  0    Dex: 13    Spells: 2/2 levels left

rFire   . . .      SeeInvis .    a - +0 hand axe
rCold   . . .      Faith    .    (no shield)
rNeg    . . .      Spirit   .    h - +0 leather armour
rPois   .          Reflect  .    (no helmet)
rElec   .          Harm     .    (no cloak)
rCorr   .          Rampage  .    (no gloves)
Will    .....                    (no boots)
Stlth   ++                       (no amulet)
HPRegen 0.25/turn                (no ring)
MPRegen 0.09/turn                (no ring)

@: no status effects
A: no striking features
a: no special abilities


You were on level 2 of the Dungeon.
You visited 1 branch of the dungeon, and saw 2 of its levels.

You collected 121 gold pieces.

Inventory:

Hand Weapons
 a - a +0 hand axe (weapon)
 m - a +0 spear
 q - a +0 dagger of draining
Missiles
 i - 5 javelins (quivered)
 n - 2 boomerangs
 o - 6 atropa-tipped darts
 p - 6 poisoned darts
Armour
 b - a +0 robe
 h - a +0 leather armour (worn)
Scrolls
 d - a scroll of vulnerability
 e - a scroll of teleportation {unknown}
 g - 2 scrolls of blinking {unknown}
 k - 2 scrolls of identify {unknown}
 r - 3 scrolls of immolation {unknown}
Potions
 c - a potion of ambrosia
 f - 4 potions of curing {unknown}
 j - a potion of might {unknown}
 l - 3 potions of brilliance {unknown}


   Skills:
 + Level 4.1 Fighting
 * Level 5.0 Axes
 + Level 1.3 Armour
 - Level 2.4 Dodging
 - Level 1.5 Stealth
 + Level 1.9 Invocations


You had 2 spell levels left.
You didn't know any spells.
Your spell library contained the following spells:

 Spells                   Type           Power      Damage    Failure   Level
 Sting                    Tmut/Pois      0%         1d3       43%         1
 Poisonous Vapours        Pois/Air       0%         N/A       56%         2
 Olgreb's Toxic Radiance  Pois           0%         N/A       99%         4


Dungeon Overview and Level Annotations

Branches:
Dungeon (2/15)

Altars:


Message History

No target in view!
You now have 121 gold pieces (gained 8).
Found a stone staircase leading down.
You see here a quokka corpse.
A hobgoblin comes into view.
A hobgoblin is nearby!
The hobgoblin shouts!
You hear a shout! x4
A gnoll comes into view. It is wielding a +0 whip.
A gnoll comes into view. It is wielding a +0 flail.
A gnoll comes into view. It is wielding a +0 flail.
The gnoll shouts!
A gnoll comes into view. It is wielding a +0 whip.
You closely miss the hobgoblin. The hobgoblin hits you.
You hit the hobgoblin but do no damage. The hobgoblin barely misses you.
You barely miss the gnoll. You hit the hobgoblin. The gnoll closely misses you.
The hobgoblin closely misses you.
You hit the hobgoblin but do no damage.
The hobgoblin is moderately wounded.
You closely miss the gnoll. The hobgoblin barely misses you.
You hit the hobgoblin.
You kill the hobgoblin!
You hit the gnoll. The gnoll hits you with a +0 whip.
Your life force feels restored.
You completely miss the gnoll.
The gnoll is lightly wounded.
You barely miss the gnoll. You hit the gnoll. The gnoll closely misses you. x2
The gnoll hits you with a +0 flail!
You are too injured to fight recklessly!
You are too injured to fight recklessly!
You are too injured to fight recklessly!
You are too injured to fight recklessly!
You are too injured to fight recklessly!
The gnoll attacks as you move away! The gnoll closely misses you.
The gnoll attacks as you move away! The gnoll hits you with a +0 flail!
The gnoll attacks as you move away! The gnoll completely misses you.
The gnoll hits you with a +0 whip.
* * * LOW HITPOINT WARNING * * *
There is a stone staircase leading up, spattered with blood here.
The gnoll closely misses you. The gnoll hits you with a +0 whip.
You die...

# ####........# # #........#
### #........# ..###
#.######## ....# #.# . ..#.#
#.### ... ....####
##...#########.....
..#....####....##gg..........
..#..#..........@gg..........
.##...............#######....
.##...............# ...
..†..............## #
.............†....#
..................#
..................#
..................#
..................#


You could see 4 gnolls.

Vanquished Creatures
  An adder (D:2)
  A worm (D:2)
  2 dart slugs
  3 bats (D:1)
  2 endoplasms (D:1)
  6 giant cockroaches
  3 goblins
  3 hobgoblins
  5 jackals
  A quokka (D:2)
  3 frilled lizards (D:1)
  2 kobolds
  2 rats
34 creatures vanquished.

Notes
Turn   | Place    | Note
-------+----------+-------------------------------------------
     0 | D:1      | garrulousMonolith the Hill Orc Monk began the quest for the
                  | Orb.
     0 | D:1      | Reached XP level 1. HP: 19/19 MP: 1/1
   130 | D:1      | Noticed a floating eye
   131 | D:1      | Found a faded altar of an unknown god.
   135 | D:1      | Noticed a great orb of eyes
   135 | D:1      | Noticed a great orb of eyes
   135 | D:1      | Noticed an eye of devastation
   157 | D:1      | Reached XP level 2. HP: 22/27 MP: 2/2
   195 | D:1      | Reached skill level 1 in Invocations
   588 | D:1      | Reached skill level 1 in Armour
   707 | D:1      | Reached XP level 3. HP: 31/33 MP: 3/3
  1294 | D:2      | Reached skill level 5 in Axes
  1363 | D:2      | Slain by a gnoll

Illustrated notes

Levels and vault maps discovered:
D:1:      pf_arrival_petrified_forest, layout_loops_ring,
          hellmonk_ecumenical_altar_watching_god
D:2:      layout_rooms

Skill      XL: |  1  2  3 |
---------------+----------+-----
Invocations    | 1 |  1.9
Armour         | 1 |  1.3
Fighting       | 4 |  4.1
Axes           | 5 |  5.0
Dodging        | |  2.4
Stealth        | |  1.5

Action                   || total
-------------------------++-------
Melee: Hand axe          ||   132
       Punch             ||     1
Throw: Javelin           ||     2
  Use: Scroll            ||     1
 Stab: Sleeping          ||     2
Armor: Robe              ||     6
       Leather armour    ||    28
Dodge: Dodged            ||    92

Table legend: (Time is in decaauts)
 A = Elapsed time spent in this place.
 B = Non-inter-level travel time spent in this place.
 C = Inter-level travel time spent in this place.
 D = Time resting spent in this place.
 E = Time spent auto-exploring this place.
 F = Levels seen in this place.
 G = Mean time per level.
                   A        B        C        D        E       F      G
               +--------+--------+--------+--------+--------+-----+--------+
         Total |   1374 |   1333 |     41 |    167 |    775 |   2 |  687.0 |
       Dungeon |   1374 |   1333 |     41 |    167 |    775 |   2 |  687.0 |
               +--------+--------+--------+--------+--------+-----+--------+

Top non-repeatable levels by time:
     D:1: 983 daAuts
     D:2: 390 daAuts
